 Dungeon Crawl Stone Soup version 0.28.0 (webtiles) character file.

Game seed: 18169748888788693665

7599 AmazingTV the Fighter (level 10, -6/91 HPs)
             Began as a Minotaur Fighter on July 4, 2022.
             Was a Priest of Okawaru.
             Mangled by a two-headed ogre (17 damage)
             ... on level 9 of the Dungeon.
             The game lasted 00:35:09 (12223 turns).

AmazingTV the Fighter (Minotaur Fighter)           Turns: 12223, Time: 00:35:09

Health: -6/91      AC:  9    Str: 24    XL:     10   Next: 97%
Magic:  13/13      EV: 10    Int:  7    God:    Okawaru [***...]
Gold:   317        SH:  0    Dex:  9    Spells: 9/9 levels left

rFire   . . .      SeeInvis +   b - +3 battleaxe {axe}
rCold   . . .      Faith    .   (shield currently unavailable)
rNeg    . . .      Spirit   .   N - +0 scale mail
rPois   +          Reflect  .   D - +0 hat
rElec   .          Harm     .   (no cloak)
rCorr   .          Rampage  .   (no gloves)
Will    .....                   g - +0 pair of boots
Stlth   ..........              T - amulet of regeneration
HPRegen 1.05/turn               G - ring of see invisible
MPRegen 0.13/turn               U - ring of poison resistance

@: no status effects
A: horns 2, retaliatory headbutt
a: Renounce Religion, Heroism


You were on level 9 of the Dungeon.
You worshipped Okawaru.
Okawaru was most pleased with you.
You visited 2 branches of the dungeon, and saw 10 of its levels.

You collected 438 gold pieces.
You spent 121 gold pieces at shops.


Innate Abilities, Weirdness & Mutations

You have a pair of horns on your head.
You reflexively headbutt those who attack you in melee.


   Skills:
 + Level 9.2 Fighting
 + Level 8.4(10.1) Axes
 + Level 8.7(10.3) Maces & Flails
 + Level 6.5 Bows
 + Level 9.0 Armour
 - Level 6.0 Shields
 + Level 6.0 Invocations


You had 9 spell levels left.
You didn't know any spells.
Your spell library contained the following spells:

 Spells                   Type           Power      Damage    Failure   Level
 Apportation              Tloc           0%         N/A       69%         1
 Magic Dart               Conj           0%         1d3       69%         1
 Pain                     Necr           0%         1d4       69%         1
 Sandblast                Erth           0%         2d4       69%         1
 Passwall                 Tmut/Erth      0%         N/A       83%         2
 Searing Ray              Conj           0%         2d4       83%         2
 Ozocubu's Armour         Ice            0%         N/A       96%         3
 Stone Arrow              Conj/Erth      0%         3d7       96%         3
 Vampiric Draining        Necr           0%         2d6       96%         3
 Fulminant Prism          Conj/Hex       0%         3d6       100%        4
 Metabolic Englaciation   Hex/Ice        0%         N/A       100%        5
 Animate Skeleton         Necr           Unusable   N/A       N/A         1
 Summon Small Mammal      Summ           Unusable   N/A       N/A         1
 Simulacrum               Ice/Necr       Unusable   N/A       N/A         6

Inventory:

Hand Weapons
 a - a +0 flail of protection {mace}
   (You took it off Edmund on level 5 of the Dungeon)
 b - a +3 battleaxe (weapon) {axe}
   (You took it off a wight on level 6 of the Dungeon)
 c - a +0 shortbow {bow}
   (You took it off a centaur on level 8 of the Dungeon)
 v - a +2 hand axe of venom {axe}
   (You took it off a kobold on level 7 of the Dungeon)
 C - a +2 dagger of venom {short}
   (You took it off an orc on level 9 of the Dungeon)
 H - a +0 flail {mace}
 Y - a +4 hand axe {axe}
   (You took it off a wight on level 9 of the Dungeon)
Missiles
 f - 156 stones
 i - 195 arrows
 j - 107 bolts
 p - 3 silver javelins
 q - 15 poisoned darts (quivered)
 r - 6 atropa-tipped darts
 B - 2 throwing nets {=f!f}
 J - 41 sling bullets
 M - a curare-tipped dart {=f}
Armour
 g - a +0 pair of boots (worn)
   (You found it on level 1 of the Dungeon)
 z - a +2 leather armour of poison resistance
   (You took it off an orc on level 9 of the Dungeon)
 D - a +0 hat (worn)
   (You took it off Gastronok on level 9 of the Dungeon)
 N - a +0 scale mail (worn)
 S - a +0 buckler
Jewellery
 x - an amulet of the acrobat
   (You found it on level 3 of the Dungeon)
 G - a ring of see invisible (left hand)
   (You found it on level 5 of the Dungeon)
 T - an amulet of regeneration (around neck)
   (You found it on level 8 of the Dungeon)
 U - a ring of poison resistance (right hand)
   (You found it on level 8 of the Dungeon)
Wands
 F - a wand of polymorph (6)
   (You took it off a kobold on level 7 of the Dungeon)
 K - a wand of iceblast (6)
   (You took it off Ijyb on level 5 of the Dungeon)
Scrolls
 e - 3 scrolls of identify {@r1}
 h - 2 scrolls of enchant weapon {unknown}
 l - a scroll of vulnerability {unknown}
 m - 6 scrolls of teleportation {unknown}
 n - a scroll of blinking {unknown}
 o - 2 scrolls of magic mapping {!r}
 s - 4 scrolls of fog {unknown}
 y - 5 scrolls of immolation {unknown}
 A - 2 scrolls of holy word {unknown}
 E - a scroll of silence {unknown}
 P - a scroll of enchant armour {unknown}
Potions
 d - a potion of might
 k - 4 potions of curing {@q1}
 t - a potion of berserk rage {unknown}
 u - a potion of heal wounds {@q2}
 w - a potion of lignification {!q}
 Q - 2 potions of mutation {!q}
 R - a potion of magic {unknown}
 V - a potion of resistance {unknown}

Dungeon Overview and Level Annotations

Branches:
Dungeon (9/15)             Temple (1/1) D:6
   Lair: D:8-11         Orc: D:9-12

Altars:
Ashenzari
Cheibriados
Dithmenos
Elyvilon
Fedhas
Gozag
Hepliaklqana
Kikubaaqudgha
Makhleb
Nemelex Xobeh
Okawaru
Qazlal
Sif Muna
Trog
Uskayaw
Vehumet
Wu Jian
Xom
The Shining One

Shops:
D:3 *   D:4 *

Annotations:
D:5 2 transporters, Moochin's ghost, novice HOFi

# # .# ### .##. ###
#.# #.. #.####.# #.#
### #.#(...## ##.#
.##
..###..####.####@.#
..^## #.. ........#
##...O#.## #...##.>.
###..#..# #..####.##
##......# # #.##..#
#.## ##.####......#
#######
########..#........##
.......#............#
..#...#.......).....#
.........###.......##
..#...#.## ##.......#


You could see a two-headed ogre.


Message History

You start resting. 😎 HP[+9]
Your hp is fully restored (91).
You throw a poisoned dart.
The poisoned dart hits the two-headed ogre.
The two-headed ogre shouts in stereo!
You throw a poisoned dart.
The poisoned dart hits the two-headed ogre.
The two-headed ogre is poisoned.
You throw a poisoned dart.
The poisoned dart hits the two-headed ogre.
The two-headed ogre looks even sicker.
You slice the two-headed ogre!!
The two-headed ogre hits you with a +0 giant club!
The two-headed ogre barely misses you. 😕 HP[-14]
You take 14 damage, and now have 77/91 hp.
You barely miss the two-headed ogre.
The two-headed ogre hits you with a +0 giant club!
The two-headed ogre barely misses you. 😮 HP[-10]
You take 10 damage, and now have 67/91 hp.
You slash the two-headed ogre! You headbutt the two-headed ogre.
You kill the two-headed ogre!
Okawaru is honoured by your kill.
Your Armour skill increases to level 9!
Your Invocations skill increases to level 6! 😮 HP[+1]
Things that are here:
a +0 giant club {mace}; a +0 giant spiked club {mace} 😕 HP[+1]
You start resting. 😎 HP[+22]
Your hp is fully restored (91).
q - 18 poisoned darts (gained 1)
Found a stone staircase leading down.
q - 19 poisoned darts (gained 1)
q - 20 poisoned darts (gained 1)
A - 2 scrolls labelled LOSKONGOCI (gained 1)
i - 195 arrows (gained 14)
A two-headed ogre comes into view.
It is wielding a +0 giant club and a +0 dire flail.
The two-headed ogre shouts in stereo!
You throw a poisoned dart.
The poisoned dart hits the two-headed ogre.
You throw a poisoned dart.
The poisoned dart hits the two-headed ogre.
The two-headed ogre is poisoned.
You throw a poisoned dart.
The poisoned dart hits the two-headed ogre.
The two-headed ogre looks even sicker.
You hit the two-headed ogre. You headbutt the two-headed ogre.
The two-headed ogre hits you with a +0 giant club!!
The two-headed ogre closely misses you. 😮 HP[-25]
You take 25 damage, and now have 66/91 hp.
MASSIVE DAMAGE!! (PAUSE)
You slice the two-headed ogre!!
Your headbutt misses the two-headed ogre.
The two-headed ogre hits you with a +0 giant club!!
The two-headed ogre hits you with a +0 dire flail!
* * * LOW HITPOINT WARNING * * *
😨 HP[-34]
You take 34 damage, and now have 32/91 hp.
MASSIVE DAMAGE!! (PAUSE)
You hit the two-headed ogre.
The two-headed ogre looks more healthy.
The two-headed ogre hits you with a +0 giant club!
* * * LOW HITPOINT WARNING * * *
The two-headed ogre hits you with a +0 dire flail.
* * * LOW HITPOINT WARNING * * *
😱 HP[-12]
You take 12 damage, and now have 20/91 hp. 😱 HP[+1] 😱 HP[+1] 😨 HP[+1] 😨 HP[+1]
You are too injured to fight recklessly! 😨 HP[+1] Throw: 17 darts (poison)
Press: ? - help, Q - select action, (/) - cycle Shift-Dir - straight line, f/p - two-headed ogre
Aim: a two-headed ogre, wielding a +0 giant club and a +0 dire flail (almost dead, 74% to hit)
You throw a poisoned dart.
The poisoned dart closely misses the two-headed ogre. 😨 HP[+2]
You regained 2 hp, and now have 27/91 hp. 😨 HP[+1] 😨 HP[+1] 😨 HP[+1] 😨 HP[+1] 😨 HP[+1] 😨 HP[+1] 😨 HP[+1] Throw: 16 darts (poison)
Press: ? - help, Q - select action, (/) - cycle Shift-Dir - straight line, f/p - two-headed ogre
Aim: a two-headed ogre, wielding a +0 giant club and a +0 dire flail (severely wounded, 74% to hit)
You throw a poisoned dart.
The poisoned dart barely misses the two-headed ogre.
The two-headed ogre hits you with a +0 giant club!!
* * * LOW HITPOINT WARNING * * *
The two-headed ogre hits you with a +0 dire flail!
You die...

Skill      XL: |  1  2  3  4  5  6  7  8  9 10 |
---------------+-------------------------------+-----
Axes           | 1 2 3 4 5 7 8 |  8.4
Armour         | 4 5 6 7 9 |  9.0
Fighting       | 4 5 6 7 8 9 |  9.2
Maces & Flails | 3 4 5 6 7 8 |  8.7
Shields        | 4 5 6 |  6.0
Invocations    | 1 3 4 6 |  6.0
Bows           | 1 3 5 6 |  6.5

Action                   |  1- 3 |  4- 6 |  7- 9 | 10-12 || total
-------------------------+-------+-------+-------+-------++-------
Melee: Flail             |   108 |   127 |   225 |       ||   460
       Headbutt          |    14 |    25 |    62 |    25 ||   126
       Hand axe          |       |       |    77 |    61 ||   138
       Battleaxe         |       |       |       |    56 ||    56
 Fire: Shortbow          |       |       |       |     3 ||     3
Throw: Dart              |       |       |       |    23 ||    23
Invok: Heroism           |       |       |     1 |     3 ||     4
  Use: Potion            |       |       |     3 |     1 ||     4
       Scroll            |       |       |       |     5 ||     5
Armor: Scale mail        |    79 |    55 |   109 |    37 ||   280
Dodge: Dodged            |    69 |    92 |   153 |    51 ||   365
Block: Buckler           |    37 |    27 |    62 |    13 ||   139

Levels and vault maps discovered:
D:1:      heliophobic_arrival_henge, layout_basic, serial_glass,
          glass_columns_a, glass_columns_a, hellmonk_ecumenical_altar_run_dry
D:2:      layout_rooms, minmay_misc_feat_hallway
D:3:      layout_basic, mainiacjoe_overflow_concentric_impassable, serial_shops,
          nicolae_shop_trees, uniq_sigmund
D:4:      layout_loops_ring, nicolae_gozag_zags_fifth_avenue
D:5:      layout_basic, mainiacjoe_overflow_cross_hatched, serial_corexii_hall,
          corexii_hall_statues_l, corexii_hall_statues_x, gammafunk_ghost_arena,
          nicolae_grassy_gnolls, uniq_ijyb, uniq_duvessa, uniq_edmund
D:6:      layout_basic, lemuel_doored_altar, minitemple,
          minmay_temple_entry_drinking_statues
D:7:      layout_loops_ring
D:8:      layout_basic, minmay_three_doors
D:9:      layout_layer_cave, mainiacjoe_overflow_chevrons,
          lemuel_coloured_pillars_altar, david_lair_shrubbed,
          grunt_ministairs_11, uniq_gastronok
Temple:   minmay_temple_bridge_abc

Notes
Turn   | Place    | Note
-------+----------+-------------------------------------------
     0 | D:1      | AmazingTV the Minotaur Fighter began the quest for the Orb.
     0 | D:1      | Reached XP level 1. HP: 19/19 MP: 0/0
     0 | D:1      | magus.rc [v1.9.6]
   398 | D:1      | Found a faded altar of an unknown god.
   448 | D:1      | Reached XP level 2. HP: 27/27 MP: 1/1
   570 | D:1      | Reached skill level 1 in Axes
  1039 | D:2      | Reached skill level 4 in Armour
  1040 | D:2      | Reached skill level 4 in Fighting
  1188 | D:2      | Reached XP level 3. HP: 33/33 MP: 2/2
  1192 | D:2      | Reached skill level 3 in Maces & Flails
  1303 | D:2      | You pick up a book of Conjurations and begin reading...
  1303 | D:2      | You add the spells Magic Dart, Searing Ray and Fulminant
                  | Prism to your library.
  1338 | D:2      | Reached skill level 4 in Shields
  1677 | D:3      | Reached XP level 4. HP: 28/40 MP: 3/3
  1837 | D:3      | Reached skill level 2 in Axes
  2029 | D:2      | HP: 9/41 [orc (5)]
  2352 | D:2      | Reached XP level 5. HP: 26/47 MP: 4/4
  2558 | D:3      | Noticed Sigmund
  2563 | D:3      | Killed Sigmund
  2564 | D:3      | Reached skill level 3 in Axes
  2564 | D:3      | Reached skill level 4 in Maces & Flails
  2564 | D:3      | Reached XP level 6. HP: 48/55 MP: 5/5
  2920 | D:3      | Found Xaggyloolo's Assorted Antiques.
  2923 | D:3      | Bought a blue potion for 23 gold pieces
  2923 | D:3      | Bought a scroll labelled CUDOUMMAETS for 26 gold pieces
  2923 | D:3      | Bought a scroll labelled CUDOUMMAETS for 26 gold pieces
  2923 | D:3      | Bought a sedimented green potion for 23 gold pieces
  2923 | D:3      | Bought a dark potion for 23 gold pieces
  3045 | D:3      | Found a shimmering blue altar of Sif Muna.
  3248 | D:4      | Reached skill level 5 in Fighting
  3548 | D:4      | Reached skill level 5 in Armour
  3579 | D:4      | Reached skill level 5 in Shields
  3961 | D:4      | Found an opulent altar of Gozag.
  3971 | D:4      | Found Gozag's Platinum Reserve.
  4263 | D:4      | Reached XP level 7. HP: 58/61 MP: 6/6
  4512 | D:5      | Entered Level 5 of the Dungeon
  4781 | D:5      | Reached skill level 1 in Invocations
  4792 | D:5      | Reached skill level 4 in Axes
  4852 | D:5      | Found a transporter.
  4881 | D:5      | Reached skill level 5 in Maces & Flails
  4977 | D:5      | Noticed Edmund
  4985 | D:5      | Killed Edmund
  5076 | D:5      | Found a shadowy altar of Dithmenos.
  5128 | D:5      | Noticed Moochin's ghost (novice HOFi)
  5141 | D:5      | Noticed an unseen horror
  5232 | D:5      | Reached skill level 1 in Bows
  5248 | D:5      | Noticed Ijyb
  5257 | D:5      | Killed Ijyb
  5333 | D:5      | Reached skill level 6 in Fighting
  5333 | D:5      | Reached XP level 8. HP: 69/70 MP: 8/8
  5530 | D:5      | Reached skill level 6 in Armour
  5530 | D:5      | Reached skill level 2 in Invocations
  5596 | D:5      | Found a transporter.
  5746 | D:5      | Noticed Duvessa
  5746 | D:5      | Noticed Dowan
  5763 | D:5      | Killed Dowan
  5764 | D:5      | Reached skill level 6 in Shields
  5773 | D:5      | Killed Duvessa
  6259 | D:6      | Found a radiant altar of Vehumet.
  6264 | D:6      | Found a glowing golden altar of the Shining One.
  6332 | D:6      | Reached skill level 5 in Axes
  6332 | D:6      | Reached skill level 2 in Bows
  6758 | D:6      | Reached skill level 6 in Maces & Flails
  6766 | D:6      | Reached skill level 3 in Invocations
  6973 | D:6      | Found an ornate altar of the Wu Jian Council.
  6979 | D:6      | You pick up a book of Cantrips and begin reading...
  6979 | D:6      | You add the spells Animate Skeleton, Summon Small Mammal
                  | and Apportation to your library.
  7031 | D:6      | Reached skill level 3 in Bows
  7198 | D:6      | Found a staircase to the Ecumenical Temple.
  7229 | Temple   | Entered the Ecumenical Temple
  7260 | Temple   | Became a worshipper of Warmaster Okawaru
  7508 | D:6      | Reached skill level 7 in Fighting
  7508 | D:6      | Reached XP level 9. HP: 36/79 MP: 10/10
  8088 | D:7      | Reached skill level 6 in Axes
  8088 | D:7      | Reached skill level 7 in Armour
  8415 | D:7      | HP: 19/79 [poisoned by a kobold brigand (curare-tipped
                  | dart)]
  8424 | D:7      | HP: 12/79 [asphyx]
  8426 | D:7      | HP: 4/79 [poisoned by a kobold brigand (curare-tipped
                  | dart)]
  8427 | D:7      | HP: 1/79 [poisoned by a kobold brigand (curare-tipped
                  | dart)]
  8945 | D:7      | Reached * piety under Okawaru
  8946 | D:7      | Reached skill level 4 in Invocations
  8972 | D:7      | Reached skill level 4 in Bows
  9229 | D:7      | Reached skill level 7 in Maces & Flails
  9769 | D:8      | Noticed a two-headed ogre
  9783 | D:8      | Killed a two-headed ogre
 10083 | D:8      | Reached skill level 8 in Fighting
 10083 | D:8      | Reached skill level 7 in Axes
 10235 | D:8      | Reached skill level 5 in Bows
 10294 | D:8      | Reached ** piety under Okawaru
 10295 | D:8      | Reached XP level 10. HP: 72/88 MP: 12/12
 10331 | D:8      | You pick up a book of Geomancy and begin reading...
 10331 | D:8      | You add the spells Sandblast, Passwall and Stone Arrow to
                  | your library.
 10471 | D:8      | You pick up a book of Necromancy and begin reading...
 10471 | D:8      | You add the spells Pain and Vampiric Draining to your
                  | library.
 10528 | D:8      | Reached skill level 8 in Armour
 10592 | D:8      | You pick up a book of Winter and begin reading...
 10592 | D:8      | You add the spells Ozocubu's Armour and Metabolic
                  | Englaciation to your library.
 10663 | D:8      | Noticed a centaur warrior
 10669 | D:8      | HP: 17/88 [centaur warrior/arrow (24)]
 10677 | D:8      | HP: 18/88 [centaur warrior (10)]
 10680 | D:8      | Killed a centaur warrior
 10681 | D:8      | Reached skill level 5 in Invocations
 10773 | D:8      | Noticed an ogre mage
 10787 | D:8      | Killed an ogre mage
 10788 | D:8      | Reached skill level 8 in Maces & Flails
 11337 | D:9      | Found a shimmering altar of Xom.
 11420 | D:9      | Reached skill level 6 in Bows
 11625 | D:9      | Noticed Gastronok
 11642 | D:9      | HP: 18/90 [Gastronok/the air (24)]
 11664 | D:9      | HP: 15/90 [Gastronok/the air (26)]
 11767 | D:9      | Killed Gastronok
 11767 | D:9      | Reached *** piety under Okawaru
 11768 | D:9      | Reached skill level 9 in Fighting
 11768 | D:9      | Reached skill level 8 in Axes
 12083 | D:9      | Noticed a two-headed ogre
 12114 | D:9      | Killed a two-headed ogre
 12115 | D:9      | Reached skill level 9 in Armour
 12115 | D:9      | Reached skill level 6 in Invocations
 12194 | D:9      | Noticed a two-headed ogre
 12209 | D:9      | HP: 22/91 [two-headed ogre (11)]
 12223 | D:9      | HP: 11/91 [two-headed ogre (24)]
 12223 | D:9      | Mangled by a two-headed ogre

Vanquished Creatures
  Gastronok (D:9)
  An ogre mage (D:8)
  A centaur warrior (D:8)
  2 two-headed ogres
  A wyvern (D:9)
  A steam dragon (D:6)
  Edmund (D:5)
  An acid dragon (D:9)
  Duvessa (D:5)
  A water moccasin (D:9)
  3 ice beasts (D:7)
  A black bear (D:5)
  2 orc warriors (D:8)
  3 sky beasts
  A hornet zombie (D:8)
  2 ogres
  A necrophage (D:8)
  A centaur (D:8)
  A kobold brigand (D:7)
  A gnoll sergeant (D:7)
  A bullfrog (D:8)
  6 scorpions
  A wyvern skeleton (D:5)
  Dowan (D:5)
  10 wights
  A howler monkey (D:8)
  2 bullfrog zombies (D:5)
  2 centaur zombies (D:9)
  4 hounds
  A centaur skeleton (D:6)
  6 orc priests
  A gnoll shaman (D:5)
  3 iguanas
  Ijyb (D:5)
  3 orc wizards
  A howler monkey skeleton (D:4)
  27 gnolls
  2 adders
  A shadow imp (D:7)
  A white imp (D:7)
  An ufetubus (D:7)
  2 worms
  2 dart slugs
  26 orcs
  3 bats
  7 endoplasms
  5 giant cockroaches
  4 goblins
  5 hobgoblins
  13 jackals
  11 kobolds
  5 quokkas
  9 ball pythons
  A frilled lizard (D:1)
  6 rats
202 creatures vanquished.

Vanquished Creatures (others)
  Sigmund (D:3)
  An orc wizard (D:8)
  12 plants (D:5)
14 creatures vanquished.

Grand Total: 216 creatures vanquished

Table legend:
 A = Non-vault XP
 B = Vault XP
 C = Vault XP percentage of total XP
 D = Non-vault monster count
 E = Vault monster count
 F = Vault count percentage of total count
                 A         B        C        D         E       F
            +---------+---------+-------+---------+---------+-------
      Total |    7011 |    3846 |  35.4 |     190 |      14 |   6.9
            +---------+---------+-------+---------+---------+-------
        D:1 |      28 |       0 |   0.0 |      16 |       0 |   0.0
        D:2 |     121 |       0 |   0.0 |      31 |       0 |   0.0
        D:3 |     129 |     159 |  55.2 |      25 |       1 |   3.8
        D:4 |     315 |       0 |   0.0 |      24 |       0 |   0.0
        D:5 |     628 |     502 |  44.4 |       9 |       9 |  50.0
        D:6 |    1185 |       0 |   0.0 |      17 |       0 |   0.0
        D:7 |     917 |       0 |   0.0 |      21 |       0 |   0.0
        D:8 |    1970 |    1745 |  47.0 |      31 |       3 |   8.8
        D:9 |    1718 |    1440 |  45.6 |      16 |       1 |   5.9
            +---------+---------+-------+---------+---------+-------

Illustrated notes

Table legend:
 A = Kills in this place as a percentage of kills in entire the game.
 B = Kills by you in this place as a percentage of kills by you in the entire game.
 C = Kills by friends in this place as a percentage of kills by friends in the entire game.
 D = Other kills in this place as a percentage of other kills in the entire game.
 E = Experience gained in this place as a percentage of experience gained in the entire game.
 F = Experience gained in this place divided by the number of levels of this place that you have seen.
                   A       B       C       D       E      F
               +-------+-------+-------+-------+-------+----------------------
         Total | 100.0 | 100.0 |   N/A | 100.0 | 100.0 | 1085.7
       Dungeon | 100.0 | 100.0 |   N/A | 100.0 | 100.0 | 1206.3
               +-------+-------+-------+-------+-------+----------------------

Table legend: (Time is in decaauts)
 A = Elapsed time spent in this place.
 B = Non-inter-level travel time spent in this place.
 C = Inter-level travel time spent in this place.
 D = Time resting spent in this place.
 E = Time spent auto-exploring this place.
 F = Levels seen in this place.
 G = Mean time per level.
                   A        B        C        D        E       F      G
               +--------+--------+--------+--------+--------+-----+--------+
         Total |  12318 |  11661 |    657 |   3811 |   5905 |  10 | 1231.8 |
       Dungeon |  12120 |  11493 |    627 |   3811 |   5744 |   9 | 1346.7 |
        Temple |    197 |    167 |     30 |      0 |    161 |   1 |  197.0 |
               +--------+--------+--------+--------+--------+-----+--------+

Top non-repeatable levels by time:
     D:6: 1616 daAuts
     D:5: 1557 daAuts
     D:7: 1546 daAuts
     D:8: 1416 daAuts
     D:1: 1293 daAuts
     D:9: 1200 daAuts
     D:4: 1168 daAuts
     D:3: 1167 daAuts
     D:2: 1154 daAuts
  Temple: 197 daAuts
